Map: Turbo Cruise '84 LE

Players

Kas

  • Race: Terran Terran
  • League: Master
  • Spawn Location: 3:00

soO - Winner!

  • Race: Zerg Zerg
  • Spawn Location: 7:00

Event: HomeStory Cup XIX

VOD

Have the link to the VOD?

Description

Time

  • Played on: June 28, 2019, 3:56 p.m.
  • Length: 6:12

All games in this series

Show
View Real Time Build Order
Export as new Build Order

Kas Terran 

Build Orders: Gas First Reaper Expand 

Get SALT Encoding   

  12  0:00  SCV  
  13  0:12  SCV  
  14  0:17  Supply Depot  
  14  0:25  SCV  
  15  0:29  Refinery  
  15  0:39  SCV  
  16  0:45  Barracks  
  16  0:51  SCV  
  17  1:03  SCV  
  18  1:15  SCV  
  19  1:32  Orbital Command, Reaper  
  20  1:43  Command Center  
  20  1:53  Factory  
  20  1:57  SCV  
  21  2:05  Refinery  
  21  2:07  Barracks Reactor  
  21  2:10  SCV  
  22  2:17  Supply Depot  
  22  2:22  SCV  
  23  2:38  SCV  
  23  2:39  Starport  
  24  2:48  Hellion x2  
  24  2:50  SCV  
  29  2:56  Orbital Command  
  29  2:59  Barracks Tech Lab  
  29  3:14  SCV  
  29  3:17  Hellion x2  
  34  3:20  Viking  
  34  3:23  SCV  
  37  3:28  SCV  
  37  3:31  Stimpack  
  38  3:35  Marine  
  38  3:37  SCV  
  40  3:42  SCV  
  40  3:48  Factory Tech Lab, Supply Depot  
  41  3:49  SCV  
  41  3:53  Marine  
  41  3:54  SCV  
  44  4:01  SCV  
  44  4:06  Starport Reactor, SCV  
  45  4:10  Barracks  
  45  4:13  SCV  
  45  4:14  Barracks  
  45  4:15  Supply Depot  
  46  4:18  Marine, SCV  
  48  4:25  SCV  
  48  4:28  Siege Tank  
  48  4:31  SCV  
  53  4:37  SCV  
  54  4:39  Engineering Bay  
  54  4:41  Marine  
  54  4:43  SCV  
  56  4:51  SCV  
  57  4:56  Refinery, SCV  
  57  4:59  Starport Reactor  
  58  5:02  Supply Depot  
  58  5:03  Siege Tank, Marine  
  62  5:12  Supply Depot  
  62  5:13  Marine  
  62  5:14  Marine  
  64  5:15  Supply Depot  
  64  5:16  Marine x2  
  64  5:18  SCV  
  65  5:23  Marine  
  65  5:25  Bunker  
  62  5:30  SCV  
  62  5:31  Marine  
  62  5:34  Marine x2  
  65  5:44  Marine x2  
  65  5:49  Marine  
  71  5:52  Marine  
Show
View Real Time Build Order
Export as new Build Order

soO Zerg - Winner!

Build Orders: Hatch First 

Get SALT Encoding   

  12  0:00  Drone  
  13  0:12  Overlord  
  13  0:17  Drone  
  14  0:30  Drone x2  
  16  0:47  Hatchery  
  15  0:51  Drone  
  15  0:55  Drone  
  17  0:59  Drone  
  18  1:08  Extractor  
  17  1:13  Spawning Pool  
  17  1:17  Drone  
  17  1:20  Drone  
  18  1:28  Drone  
  19  1:41  Drone  
  20  1:49  Overlord  
  20  2:00  Queen x2  
  20  2:01  Zergling x4  
  26  2:10  Metabolic Boost  
  26  2:12  Drone x2  
  28  2:21  Drone  
  28  2:22  Drone  
  29  2:38  Drone, Hatchery  
  29  2:47  Queen  
  29  2:48  Drone  
  32  2:52  Drone  
  32  2:56  Overlord  
  33  3:00  Drone x2  
  35  3:06  Drone  
  36  3:14  Spore Crawler  
  36  3:15  Drone x3  
  36  3:17  Drone  
  36  3:18  Drone  
  41  3:24  Queen  
  42  3:27  Overlord  
  42  3:29  Drone  
  43  3:38  Overlord  
  43  3:41  Roach Warren  
  43  3:42  Drone  
  43  3:45  Drone  
  43  3:47  Zergling x2  
  45  3:50  Drone x2  
  45  3:52  Extractor  
  45  4:03  Drone x2  
  45  4:06  Drone  
  45  4:08  Zergling x6  
  51  4:13  Overlord  
  51  4:16  Overlord  
  51  4:18  Overlord  
  51  4:21  Overlord  
  51  4:27  Overlord  
  51  4:35  Roach x5  
  51  4:36  Roach x2  
  67  4:38  Roach  
  67  4:46  Roach x2  
  71  4:53  Overlord  
  71  4:56  Zergling x2  
  71  4:57  Zergling x10  
  77  5:08  Zergling x12  
  83  5:27  Zergling x20  
  83  5:28  Ravager x3  
  95  5:29  Ravager  
  97  5:46  Ravager  
  98  5:50  Overlord  
Tags
 
Add a new tag
Caveats
  • Supply blocks, unpowered buildings, or Contaminate may cause inaccurate times.
  • Supply counts are checked every 10 seconds.